Red Wings vs Jets
(R1)
Created - December 20, 2021 at 07:55
Goals
|
| Red Wings |
1 |
0 |
2 |
3 |
| Jets |
0 |
1 |
1 |
2 |
|
Shots
|
| Red Wings |
10 |
6 |
9 |
25 |
| Jets |
8 |
11 |
12 |
31 |
|
1st period
1. Red Wings , Connor Brown 1 (Marko Dano 4, Henrik Zetterberg 5) at 14:11
Penalties :
Max Domi (Det) for Holding (Minor) at 8:31, Jiri Fischer (Det) for High sticking (Double Minor) at 17:35
2nd period
2. Jets , Jordan Martinook 2 (Noel Acciari 2, Alexander Radulov 1) at 16:33
Penalties :
Drew Fata (Det) for Holding (Minor) at 4:30
3rd period
3. Jets , Adam Henrique 10 (Ryan Johansen 9) at 9:01 (PP)
4. Red Wings , Carson Mcmillan 3 (Henrik Zetterberg 6) at 10:21 (SH)
5. Red Wings , Mike Richards 2 (Max Domi 2, Kris Versteeg 1) at 18:58
Penalties :
Drew Fata (Det) for High sticking (Minor) at 3:11, Mike Richards (Det) for Hooking (Minor) at 8:40, Drew Fata (Det) for Hooking (Minor) at 10:06
Goalie Stats
Robin Lehner (Det), 29 saves from 31 shots - (0.935), W, 3-2-0, 60:00 minutes
Michal Neuvirth (Win), 22 saves from 25 shots - (0.880), L, 2-3-0, 59:02 minutes
Players Stats for Red Wings
Player Name G A P +/- PIM S H SB GA TA FO MP PP MP PK MP
------------------------------------------------------------------------------------
Carson Mcmillan 1 0 1 1 0 2 0 0 0 0 0/1 14:09 0:00 7:27
Connor Brown 1 0 1 1 0 2 0 0 1 0 0/0 14:41 0:00 0:00
David Rundblad 0 0 0 0 0 2 0 3 0 0 0/0 14:04 0:00 0:39
Drew Fata 0 0 0 1 6 0 2 0 0 1 0/0 23:27 0:00 2:27
Dylan Larkin 0 0 0 0 0 0 0 0 0 0 3/5 10:11 0:00 0:00
Henrik Zetterberg 0 2 2 2 0 3 4 1 0 0 12/34 22:04 0:00 7:19
Jiri Fischer 0 0 0 0 4 1 1 2 0 1 0/0 18:18 0:00 3:21
Kris Versteeg 0 1 1 0 0 4 2 0 1 0 1/1 15:05 0:00 0:00
Kyle Okposo 0 0 0 0 0 0 1 0 0 0 0/1 10:11 0:00 0:00
Marko Dano 0 1 1 1 0 1 0 0 1 1 2/2 15:42 0:00 1:01
Max Domi 0 1 1 0 2 1 1 1 0 2 0/0 15:17 0:00 0:00
Michael Haley 0 0 0 0 0 2 1 1 0 0 0/0 11:25 0:00 3:42
Mike Richards 1 0 1 0 2 2 2 1 0 0 8/13 16:25 0:00 1:21
Ole-Kristian Tollefsen 0 0 0 1 0 0 3 0 0 1 0/0 21:38 0:00 7:15
Philip Samuelsson 0 0 0 0 0 2 3 0 0 0 0/0 22:18 0:00 3:35
Ryan O'Byrne 0 0 0 2 0 1 2 3 0 0 0/0 21:07 0:00 7:15
T.J. Hensick 0 0 0 0 0 1 3 1 0 0 3/5 11:25 0:00 3:42
Tye McGinn 0 0 0 0 0 1 1 0 0 0 0/0 10:11 0:00 0:00
Players Stats for Jets
Player Name G A P +/- PIM S H SB GA TA FO MP PP MP PK MP
------------------------------------------------------------------------------------
Adam Henrique 1 0 1 -2 0 5 0 0 1 0 2/2 22:53 7:16 0:00
Alexander Radulov 0 1 1 1 0 3 2 0 0 0 0/0 8:41 0:07 0:00
Corey Perry 0 0 0 -1 0 1 0 0 1 0 0/1 19:21 4:54 0:00
Dougie Hamilton 0 0 0 -2 0 3 0 1 1 0 0/0 26:14 7:13 0:00
Erik Haula 0 0 0 -1 0 0 0 0 0 0 6/13 18:41 4:54 0:00
Jake McCabe 0 0 0 -1 0 2 2 1 0 0 0/0 24:35 7:13 0:00
Jean-Gabriel Pageau 0 0 0 0 0 1 0 1 0 0 2/4 10:19 0:06 0:00
Jordan Martinook 1 0 1 1 0 1 0 0 1 0 0/0 8:24 0:06 0:00
Marco Scandella 0 0 0 -1 0 1 3 1 0 0 0/0 23:50 5:03 0:00
Marcus Johansson 0 0 0 -1 0 5 0 1 0 0 0/0 18:41 4:54 0:00
Michael Matheson 0 0 0 0 0 0 0 0 0 2 0/0 11:40 0:00 0:00
Mirco Mueller 0 0 0 0 0 0 1 0 0 0 0/0 11:35 0:00 0:00
Nikolaj Ehlers 0 0 0 0 0 0 0 0 0 0 0/0 15:03 5:03 0:00
Nino Niederreiter 0 0 0 -2 0 4 2 0 1 0 0/0 22:12 7:15 0:00
Noel Acciari 0 1 1 1 0 1 3 0 1 0 0/2 8:07 0:00 0:00
Robert Hagg 0 0 0 0 0 1 1 0 0 0 0/0 16:48 0:00 0:00
Ronalds Kenins 0 0 0 0 0 1 0 0 0 0 0/0 10:02 0:00 0:00
Ryan Johansen 0 1 1 -2 0 2 4 0 0 1 23/40 22:53 7:16 0:00
3 Stars
1 - Henrik Zetterberg (Det)
2 - Carson Mcmillan (Det)
3 - Connor Brown (Det)
Power Play
Red Wings - 0 on 1 Attempt(s) - 0.00%
Jets - 1 on 6 Attempt(s) - 16.67%
Penalty Kill
Red Wings - 5 on 6 Attempt(s) - 83.33%
- Score 1 goal in Penalty Kill
Jets - 1 on 1 Attempt(s) - 100.00%
- Score 0 goal in Penalty Kill
Team Stat
Red Wings - Hits : 26 - Faceoff Wins : 29 - Blocked Shots : 13 - Penalty Minutes : 14
Jets - Hits : 18 - Faceoff Wins : 33 - Blocked Shots : 5 - Penalty Minutes : 0
Official
Referees : Ghislain Hebert and Brad Meier
Linesman : Kiel Murchison and Steve Barton
Game Notes
19:49 of 2nd period - Penalty Shot by Jordan Martinook for Jets - Stopped by Robin Lehner
Finance
Level 1 -- Attendance: 6000 (100.00%) -- Ticket Income $600,000
Level 2 -- Attendance: 4524 (90.48%) -- Ticket Income $271,440
Level 3 -- Attendance: 2000 (100.00%) -- Ticket Income $70,000
Level 4 -- Attendance: 4000 (100.00%) -- Ticket Income $100,000
Luxury Box -- Attendance: 899 (89.90%) -- Ticket Income $179,800
Game was played at the Bell MTS Place.
Total Attendance: 17423 (96.79%)
Total Ticket Income: $1,221,240
Other Income: $183,186
Total Income: $1,404,426
Red Wings
5 vs 5 Forward
Center Left Wing Right Wing Time % Phy DF OF
1 Henrik Zetterberg Marko Dano Connor Brown 35 0 2 3
2 Mike Richards Max Domi Kris Versteeg 35 0 2 3
3 Dylan Larkin Tye McGinn Kyle Okposo 20 0 2 3
4 T.J. Hensick Michael Haley Carson Mcmillan 10 0 3 2
5 vs 5 Defense
Defense Defense Time % Phy DF OF
1 Philip Samuelsson Drew Fata 40 0 2 3
2 Jiri Fischer Ole-Kristian Tollefsen 30 0 2 3
3 Ryan O'Byrne David Rundblad 20 0 2 3
4 Ryan O'Byrne David Rundblad 10 0 3 2
PowerPlay Forward
Center Left Wing Right Wing Time % Phy DF OF
1 Henrik Zetterberg Marko Dano Connor Brown 60 0 1 4
2 Mike Richards Dylan Larkin Kris Versteeg 40 0 1 4
PowerPlay Defense
Defense Defense Time % Phy DF OF
1 Philip Samuelsson Ole-Kristian Tollefsen 60 0 1 4
2 David Rundblad Max Domi 40 0 1 4
Penalty Kill 4 Players Forward
Center Wing Time % Phy DF OF
1 Henrik Zetterberg Carson Mcmillan 60 0 4 1
2 T.J. Hensick Michael Haley 40 0 4 1
Penalty Kill 4 Players Defense
Defense Defense Time % Phy DF OF
1 Ryan O'Byrne Ole-Kristian Tollefsen 60 1 4 0
2 Drew Fata Jiri Fischer 40 1 4 0
Penalty Kill - 3 Players Forward
Forward Time % Phy DF OF
1 Carson Mcmillan 60 1 4 0
2 Michael Haley 40 1 4 0
Penalty Kill - 3 Players Defense
Defense Defense Time % Phy DF OF
1 Ryan O'Byrne Jiri Fischer 60 0 5 0
2 Philip Samuelsson Drew Fata 40 0 5 0
4 vs 4 Forward
Center Wing Time % Phy DF OF
1 Henrik Zetterberg Kris Versteeg 55 0 2 3
2 Mike Richards Connor Brown 45 0 2 3
4 vs 4 Defense
Defense Defense Time % Phy DF OF
1 Philip Samuelsson Drew Fata 60 0 3 2
2 Ole-Kristian Tollefsen Jiri Fischer 40 0 3 2
Last Minutes Offensive
Center Left Wing Right Wing Defense Defense
Henrik Zetterberg Kris Versteeg Connor Brown Philip Samuelsson Ole-Kristian Tollefsen
Last Minutes Defensive
Center Left Wing Right Wing Defense Defense
T.J. Hensick Michael Haley Carson Mcmillan Ryan O'Byrne Drew Fata
Goaltenders
Starting : Robin Lehner
Backup : Mike McKenna
Extra Forwards
Normal : Henrik Zetterberg, Kris Versteeg, Kyle Okposo - PP : Kyle Okposo, Tye McGinn - PK : Mike Richards
Extra Defensemen
Normal : Philip Samuelsson, Ole-Kristian Tollefsen, David Rundblad - PP : David Rundblad - PK : Philip Samuelsson, David Rundblad
Penalty Shots
Kris Versteeg, Dylan Larkin, Marko Dano, Mike Richards, Carson Mcmillan
Scratches
David Krejci (Healthy), Jakub Kindl (Healthy)
Jets
5 vs 5 Forward
Center Left Wing Right Wing Time % Phy DF OF
1 Ryan Johansen Adam Henrique Corey Perry 40 1 2 2
2 Erik Haula Marcus Johansson Nino Niederreiter 30 1 2 2
3 Jean-Gabriel Pageau Ronalds Kenins Nikolaj Ehlers 20 1 2 2
4 Noel Acciari Jordan Martinook Alexander Radulov 10 1 2 2
5 vs 5 Defense
Defense Defense Time % Phy DF OF
1 Dougie Hamilton Marco Scandella 40 1 2 2
2 Jake McCabe Robert Hagg 35 1 2 2
3 Michael Matheson Mirco Mueller 25 1 2 2
4 Dougie Hamilton Jake McCabe 0 1 2 2
PowerPlay Forward
Center Left Wing Right Wing Time % Phy DF OF
1 Ryan Johansen Adam Henrique Nino Niederreiter 60 1 0 4
2 Erik Haula Marcus Johansson Corey Perry 40 1 0 4
PowerPlay Defense
Defense Defense Time % Phy DF OF
1 Dougie Hamilton Jake McCabe 60 0 1 4
2 Nikolaj Ehlers Marco Scandella 40 0 1 4
Penalty Kill 4 Players Forward
Center Wing Time % Phy DF OF
1 Erik Haula Ronalds Kenins 60 0 4 1
2 Noel Acciari Nino Niederreiter 40 0 4 1
Penalty Kill 4 Players Defense
Defense Defense Time % Phy DF OF
1 Marco Scandella Jake McCabe 60 0 4 1
2 Dougie Hamilton Robert Hagg 40 0 4 1
Penalty Kill - 3 Players Forward
Forward Time % Phy DF OF
1 Erik Haula 60 0 4 1
2 Nino Niederreiter 40 0 4 1
Penalty Kill - 3 Players Defense
Defense Defense Time % Phy DF OF
1 Marco Scandella Dougie Hamilton 60 0 5 0
2 Jake McCabe Robert Hagg 40 0 5 0
4 vs 4 Forward
Center Wing Time % Phy DF OF
1 Ryan Johansen Adam Henrique 60 1 2 2
2 Jean-Gabriel Pageau Nino Niederreiter 40 1 2 2
4 vs 4 Defense
Defense Defense Time % Phy DF OF
1 Dougie Hamilton Marco Scandella 60 1 2 2
2 Michael Matheson Robert Hagg 40 1 2 2
Last Minutes Offensive
Center Left Wing Right Wing Defense Defense
Ryan Johansen Adam Henrique Nino Niederreiter Dougie Hamilton Jake McCabe
Last Minutes Defensive
Center Left Wing Right Wing Defense Defense
Erik Haula Ronalds Kenins Nino Niederreiter Robert Hagg Marco Scandella
Goaltenders
Starting : Michal Neuvirth
Backup : Jonathan Bernier
Extra Forwards
Normal : Nikolaj Ehlers, Marcus Johansson, Erik Haula - PP : Nikolaj Ehlers, Erik Haula - PK : Ronalds Kenins
Extra Defensemen
Normal : Marco Scandella, Dougie Hamilton, Michael Matheson - PP : Michael Matheson - PK : Dougie Hamilton, Michael Matheson
Penalty Shots
Marcus Johansson, Corey Perry, Ryan Johansen, Erik Haula, Noel Acciari
Scratches
Tyler Myers (Back Injury)
% Time on Ice - Red Wings
Lines # - Real PCT - Wanted PCT - Time Play
Normal Forward
1 - 32% - 35% - 14:45
2 - 35% - 35% - 16:10
3 - 22% - 20% - 10:11
4 - 12% - 10% - 5:37
Normal Defense
1 - 43% - 40% - 20:04
2 - 31% - 30% - 14:17
3 - 20% - 20% - 9:08
4 - 7% - 10% - 3:14
PP Forward
1 - 0% - 60%
2 - 0% - 40%
PP Defense
1 - 0% - 60%
2 - 0% - 40%
PK Forward
1 - 70% - 60% - 8:34
2 - 30% - 40% - 3:42
PK Defense
1 - 59% - 60% - 7:15
2 - 41% - 40% - 5:01
PK3 Forward
1 - 0% - 60%
2 - 0% - 40%
PK3 Defense
1 - 0% - 60%
2 - 0% - 40%
44 Forward
1 - 0% - 55%
2 - 0% - 45%
44 Defense
1 - 0% - 60%
2 - 0% - 40%
Last Minute Offensive - 0:00
Last Minute Defensive - 1:01
Total
Forward - 60:00
Defense - 60:00
|
% Time on Ice - Jets
Lines # - Real PCT - Wanted PCT - Time Play
Normal Forward
1 - 32% - 40% - 14:47
2 - 30% - 30% - 13:47
3 - 21% - 20% - 10:02
4 - 17% - 10% - 8:07
Normal Defense
1 - 39% - 40% - 18:00
2 - 36% - 35% - 17:02
3 - 25% - 25% - 11:35
4 - 0% - 0% - 0:06
PP Forward
1 - 60% - 60% - 7:22
2 - 40% - 40% - 4:54
PP Defense
1 - 59% - 60% - 7:13
2 - 41% - 40% - 5:03
PK Forward
1 - 0% - 60%
2 - 0% - 40%
PK Defense
1 - 0% - 60%
2 - 0% - 40%
PK3 Forward
1 - 0% - 60%
2 - 0% - 40%
PK3 Defense
1 - 0% - 60%
2 - 0% - 40%
44 Forward
1 - 0% - 60%
2 - 0% - 40%
44 Defense
1 - 0% - 60%
2 - 0% - 40%
Last Minute Offensive - 1:01
Last Minute Defensive - 0:00
Total
Forward - 60:00
Defense - 60:00
|
Play-by-Play
1st period
0:01 of 1st period - Marko Dano wins face-off versus Ryan Johansen in neutral zone.
0:12 of 1st period - Wrist shot by Marko Dano.
0:12 of 1st period - Stopped by Michal Neuvirth with a rebound.
1:03 of 1st period - Wrist shot by Jean-Gabriel Pageau.
1:03 of 1st period - Shot Blocked by Jiri Fischer.
1:19 of 1st period - Wrist shot by Noel Acciari.
1:19 of 1st period - Stopped by Robin Lehner with a rebound.
1:21 of 1st period - Snap shot by Robert Hagg.
1:21 of 1st period - Stopped by Robin Lehner with a rebound.
2:17 of 1st period - Snap shot by Ronalds Kenins.
2:17 of 1st period - Shot Blocked by David Rundblad.
2:19 of 1st period - Slapshot by Michael Matheson.
2:19 of 1st period - Deflect By Ronalds Kenins.
2:19 of 1st period - Shot Misses the Net.
2:19 of 1st period - Puck is out of play.
2:20 of 1st period - Jean-Gabriel Pageau wins face-off versus Henrik Zetterberg in Red Wings zone.
2:25 of 1st period - Snap shot by Jean-Gabriel Pageau.
2:25 of 1st period - Stopped by Robin Lehner with a rebound.
3:52 of 1st period - Jiri Fischer is hit by Noel Acciari and loses puck.
4:05 of 1st period - Noel Acciari is hit by Henrik Zetterberg and loses puck.
4:16 of 1st period - Ole-Kristian Tollefsen is hit by Robert Hagg and loses puck.
4:55 of 1st period - Jordan Martinook is hit by Philip Samuelsson and loses puck.
5:18 of 1st period - Snap shot by Marko Dano.
5:18 of 1st period - Shot Misses the Net.
5:30 of 1st period - Slapshot by Dylan Larkin.
5:30 of 1st period - Shot Misses the Net.
5:36 of 1st period - David Rundblad is hit by Nino Niederreiter and loses puck.
5:49 of 1st period - Dougie Hamilton is hit by T.J. Hensick and loses puck.
6:36 of 1st period - Slapshot by Alexander Radulov.
6:36 of 1st period - Shot Misses the Net.
6:50 of 1st period - Slapshot by Tye McGinn.
6:50 of 1st period - Stopped by Michal Neuvirth with a rebound.
6:58 of 1st period - Snap shot by Kyle Okposo.
6:58 of 1st period - Shot Misses the Net.
7:28 of 1st period - Mirco Mueller is hit by Ryan O'Byrne.
7:52 of 1st period - Slapshot by Max Domi.
7:52 of 1st period - Shot Hit the Post.
7:54 of 1st period - Snap shot by Mike Richards.
7:54 of 1st period - Stopped by Michal Neuvirth without a rebound.
7:55 of 1st period - Ryan Johansen wins face-off versus Henrik Zetterberg in Jets zone.
8:04 of 1st period - Wrist shot by Ryan Johansen.
8:04 of 1st period - Shot Blocked by David Rundblad.
8:31 of 1st period - Minor Penalty to Max Domi for Holding.
8:32 of 1st period - Ryan Johansen wins face-off versus Henrik Zetterberg in Red Wings zone.
8:32 of 1st period - Snap shot by Nino Niederreiter.
8:32 of 1st period - Deflect By Ole-Kristian Tollefsen.
8:32 of 1st period - Stopped by Robin Lehner without a rebound.
8:33 of 1st period - Ryan Johansen wins face-off versus Henrik Zetterberg in Red Wings zone.
10:31 of 1st period - Penalty to Max Domi is over, Max Domi is back on ice.
10:31 of 1st period - Nikolaj Ehlers is hit by T.J. Hensick and loses puck.
10:40 of 1st period - Drew Fata is hit by Alexander Radulov.
10:43 of 1st period - Off-side.
10:44 of 1st period - Mike Richards wins face-off versus Noel Acciari in neutral zone.
10:47 of 1st period - Wrist shot by Max Domi.
10:47 of 1st period - Stopped by Michal Neuvirth without a rebound.
10:48 of 1st period - Kris Versteeg wins face-off versus Noel Acciari in Jets zone.
11:15 of 1st period - Slapshot by Noel Acciari.
11:15 of 1st period - Deflect By Alexander Radulov.
11:15 of 1st period - Stopped by Robin Lehner without a rebound.
11:16 of 1st period - Ryan Johansen wins face-off versus Dylan Larkin in Red Wings zone.
11:25 of 1st period - Wrist shot by Adam Henrique.
11:25 of 1st period - Shot Blocked by Ryan O'Byrne.
12:11 of 1st period - Snap shot by Kris Versteeg.
12:11 of 1st period - Stopped by Michal Neuvirth with a rebound.
12:13 of 1st period - Wrist shot by Drew Fata.
12:13 of 1st period - Shot Misses the Net.
12:15 of 1st period - Slapshot by Drew Fata.
12:15 of 1st period - Shot Misses the Net.
12:17 of 1st period - Slapshot by Kris Versteeg.
12:17 of 1st period - Stopped by Michal Neuvirth without a rebound.
12:18 of 1st period - Ryan Johansen wins face-off versus Kyle Okposo in Jets zone.
12:27 of 1st period - Wrist shot by Dylan Larkin.
12:27 of 1st period - Shot Misses the Net.
12:29 of 1st period - Slapshot by Ole-Kristian Tollefsen.
12:29 of 1st period - Shot Misses the Net.
12:31 of 1st period - Slapshot by Kyle Okposo.
12:31 of 1st period - Shot Misses the Net.
12:33 of 1st period - Slapshot by Ole-Kristian Tollefsen.
12:33 of 1st period - Deflect By Dylan Larkin.
12:33 of 1st period - Shot Hit the Post.
12:33 of 1st period - Puck is out of play.
12:34 of 1st period - Henrik Zetterberg wins face-off versus Erik Haula in Jets zone.
12:47 of 1st period - Slapshot by Marcus Johansson.
12:47 of 1st period - Stopped by Robin Lehner with a rebound.
12:49 of 1st period - Wrist shot by Erik Haula.
12:49 of 1st period - Shot Misses the Net.
13:01 of 1st period - Ryan Johansen is hit by Kris Versteeg and loses puck.
13:11 of 1st period - Icing by Max Domi.
13:12 of 1st period - Erik Haula wins face-off versus Mike Richards in Red Wings zone.
13:39 of 1st period - Wrist shot by Max Domi.
13:39 of 1st period - Shot Misses the Net.
13:41 of 1st period - Snap shot by Henrik Zetterberg.
13:41 of 1st period - Stopped by Michal Neuvirth with a rebound.
13:43 of 1st period - Snap shot by Marko Dano.
13:43 of 1st period - Deflect By Henrik Zetterberg.
13:43 of 1st period - Shot Blocked by Jake McCabe.
13:43 of 1st period - Puck is out of play.
13:44 of 1st period - Marko Dano wins face-off versus Ryan Johansen in Jets zone.
13:45 of 1st period - Snap shot by Henrik Zetterberg.
13:45 of 1st period - Shot Blocked by Dougie Hamilton.
13:47 of 1st period - Snap shot by Ole-Kristian Tollefsen.
13:47 of 1st period - Shot Misses the Net.
14:11 of 1st period - Wrist shot by Connor Brown.
14:11 of 1st period - Goal by Connor Brown - Red Wings : 1 - Jets : 0.
14:12 of 1st period - Henrik Zetterberg wins face-off versus Ryan Johansen in neutral zone.
14:25 of 1st period - Off-side.
14:26 of 1st period - Ryan Johansen wins face-off versus Mike Richards in neutral zone.
14:43 of 1st period - Snap shot by Corey Perry.
14:43 of 1st period - Stopped by Robin Lehner without a rebound.
14:44 of 1st period - Erik Haula wins face-off versus Henrik Zetterberg in Red Wings zone.
14:45 of 1st period - Slapshot by Marcus Johansson.
14:45 of 1st period - Shot Blocked by Henrik Zetterberg.
14:51 of 1st period - Robert Hagg is hit by Henrik Zetterberg and loses puck.
15:10 of 1st period - Snap shot by Dylan Larkin.
15:10 of 1st period - Shot Blocked by Marcus Johansson.
16:00 of 1st period - Off-side.
16:01 of 1st period - Jean-Gabriel Pageau wins face-off versus Henrik Zetterberg in neutral zone.
16:26 of 1st period - Slapshot by Connor Brown.
16:26 of 1st period - Stopped by Michal Neuvirth without a rebound.
16:27 of 1st period - Adam Henrique wins face-off versus Mike Richards in Jets zone.
16:37 of 1st period - Slapshot by Dougie Hamilton.
16:37 of 1st period - Stopped by Robin Lehner without a rebound.
16:38 of 1st period - Mike Richards wins face-off versus Ryan Johansen in Red Wings zone.
17:12 of 1st period - Snap shot by Marcus Johansson.
17:12 of 1st period - Shot Misses the Net.
17:35 of 1st period - Double Minor Penalty to Jiri Fischer for High sticking.
17:36 of 1st period - Ryan Johansen wins face-off versus Henrik Zetterberg in Red Wings zone.
18:04 of 1st period - Icing by Dougie Hamilton.
18:05 of 1st period - T.J. Hensick wins face-off versus Ryan Johansen in Jets zone.
18:11 of 1st period - Off-side.
18:12 of 1st period - Henrik Zetterberg wins face-off versus Erik Haula in neutral zone.
18:45 of 1st period - Wrist shot by Michael Haley.
18:45 of 1st period - Stopped by Michal Neuvirth without a rebound.
18:46 of 1st period - Henrik Zetterberg wins face-off versus Ryan Johansen in Jets zone.
19:11 of 1st period - T.J. Hensick is hit by Jake McCabe and loses puck.
19:49 of 1st period - Icing by Nikolaj Ehlers.
19:50 of 1st period - Ryan Johansen wins face-off versus T.J. Hensick in Jets zone.
Goals for this period are 1 for Red Wings vs 0 for Jets.
Shots for this period are 10 for Red Wings vs 8 for Jets.
2nd period
0:01 of 2nd period - Ryan Johansen wins face-off versus Henrik Zetterberg in neutral zone.
0:04 of 2nd period - Slapshot by Dougie Hamilton.
0:04 of 2nd period - Deflect By Adam Henrique.
0:04 of 2nd period - Shot Blocked by Ryan O'Byrne.
0:04 of 2nd period - Puck is out of play.
0:05 of 2nd period - Henrik Zetterberg wins face-off versus Ryan Johansen in Red Wings zone.
0:10 of 2nd period - Wrist shot by Ryan O'Byrne.
0:10 of 2nd period - Stopped by Michal Neuvirth without a rebound.
0:11 of 2nd period - Ryan Johansen wins face-off versus Henrik Zetterberg in Jets zone.
0:23 of 2nd period - Adam Henrique is hit by Ole-Kristian Tollefsen and loses puck.
1:35 of 2nd period - Penalty to Jiri Fischer is over, Jiri Fischer is back on ice.
2:27 of 2nd period - Jake McCabe is hit by Henrik Zetterberg and loses puck.
2:40 of 2nd period - Jean-Gabriel Pageau is hit by Ole-Kristian Tollefsen.
2:46 of 2nd period - Jean-Gabriel Pageau is hit by Jiri Fischer.
3:05 of 2nd period - Icing by Mike Richards.
3:06 of 2nd period - Ryan Johansen wins face-off versus Mike Richards in Red Wings zone.
3:29 of 2nd period - Snap shot by Mike Richards.
3:29 of 2nd period - Deflect By Max Domi.
3:29 of 2nd period - Shot Misses the Net.
3:29 of 2nd period - Puck is out of play.
3:30 of 2nd period - Erik Haula wins face-off versus Henrik Zetterberg in Jets zone.
3:30 of 2nd period - Erik Haula is hit by Philip Samuelsson.
3:38 of 2nd period - Wrist shot by Nino Niederreiter.
3:38 of 2nd period - Stopped by Robin Lehner without a rebound.
3:39 of 2nd period - Erik Haula wins face-off versus Henrik Zetterberg in Red Wings zone.
3:46 of 2nd period - Snap shot by Marcus Johansson.
3:46 of 2nd period - Stopped by Robin Lehner with a rebound.
4:25 of 2nd period - Icing by Drew Fata.
4:26 of 2nd period - Ryan Johansen wins face-off versus Henrik Zetterberg in Red Wings zone.
4:30 of 2nd period - Minor Penalty to Drew Fata for Holding.
4:31 of 2nd period - Ryan Johansen wins face-off versus Henrik Zetterberg in Red Wings zone.
5:33 of 2nd period - Snap shot by Jiri Fischer.
5:33 of 2nd period - Deflect By Marco Scandella.
5:33 of 2nd period - Stopped by Michal Neuvirth with a rebound.
6:30 of 2nd period - Penalty to Drew Fata is over, Drew Fata is back on ice.
6:35 of 2nd period - Wrist shot by Marcus Johansson.
6:35 of 2nd period - Stopped by Robin Lehner with a rebound.
6:49 of 2nd period - Snap shot by Alexander Radulov.
6:49 of 2nd period - Shot Misses the Net.
9:07 of 2nd period - Connor Brown is hit by Noel Acciari and loses puck.
9:18 of 2nd period - Marco Scandella is hit by Michael Haley and loses puck.
9:37 of 2nd period - Tye McGinn is hit by Ryan Johansen.
9:41 of 2nd period - Jake McCabe is hit by Philip Samuelsson.
9:51 of 2nd period - Marco Scandella is hit by Mike Richards and loses puck.
10:18 of 2nd period - Connor Brown is hit by Marco Scandella and loses puck.
11:10 of 2nd period - Ryan O'Byrne is hit by Mirco Mueller.
11:30 of 2nd period - Snap shot by T.J. Hensick.
11:30 of 2nd period - Stopped by Michal Neuvirth with a rebound.
11:32 of 2nd period - Snap shot by David Rundblad.
11:32 of 2nd period - Deflect By Jake McCabe.
11:32 of 2nd period - Stopped by Michal Neuvirth without a rebound.
11:33 of 2nd period - Ryan Johansen wins face-off versus Henrik Zetterberg in Jets zone.
12:00 of 2nd period - Robert Hagg is hit by Kyle Okposo and loses puck.
12:27 of 2nd period - Snap shot by Nino Niederreiter.
12:27 of 2nd period - Shot Misses the Net.
12:31 of 2nd period - Slapshot by Nino Niederreiter.
12:31 of 2nd period - Shot Blocked by David Rundblad.
12:33 of 2nd period - Wrist shot by Marcus Johansson.
12:33 of 2nd period - Deflect By Nino Niederreiter.
12:33 of 2nd period - Shot Blocked by Ryan O'Byrne.
12:33 of 2nd period - Puck is out of play.
12:34 of 2nd period - Henrik Zetterberg wins face-off versus Erik Haula in Red Wings zone.
12:58 of 2nd period - Icing by Erik Haula.
12:59 of 2nd period - Erik Haula wins face-off versus Mike Richards in Jets zone.
13:40 of 2nd period - Snap shot by Marcus Johansson.
13:40 of 2nd period - Shot Blocked by Max Domi.
13:42 of 2nd period - Snap shot by Erik Haula.
13:42 of 2nd period - Shot Misses the Net.
13:44 of 2nd period - Slapshot by Marcus Johansson.
13:44 of 2nd period - Shot Blocked by Mike Richards.
13:46 of 2nd period - Slapshot by Marco Scandella.
13:46 of 2nd period - Stopped by Robin Lehner with a rebound.
13:48 of 2nd period - Slapshot by Dougie Hamilton.
13:48 of 2nd period - Stopped by Robin Lehner without a rebound.
13:49 of 2nd period - Henrik Zetterberg wins face-off versus Ryan Johansen in Red Wings zone.
14:01 of 2nd period - Snap shot by Adam Henrique.
14:01 of 2nd period - Stopped by Robin Lehner with a rebound.
14:03 of 2nd period - Slapshot by Adam Henrique.
14:03 of 2nd period - Stopped by Robin Lehner with a rebound.
14:39 of 2nd period - Snap shot by Alexander Radulov.
14:39 of 2nd period - Shot Misses the Net.
16:06 of 2nd period - Dougie Hamilton is hit by Drew Fata and loses puck.
16:27 of 2nd period - Snap shot by Alexander Radulov.
16:27 of 2nd period - Stopped by Robin Lehner with a rebound.
16:29 of 2nd period - Snap shot by Alexander Radulov.
16:29 of 2nd period - Stopped by Robin Lehner with a rebound.
16:31 of 2nd period - Wrist shot by Noel Acciari.
16:31 of 2nd period - Shot Misses the Net.
16:33 of 2nd period - Wrist shot by Jordan Martinook.
16:33 of 2nd period - Goal by Jordan Martinook - Red Wings : 1 - Jets : 1.
16:34 of 2nd period - Ryan Johansen wins face-off versus Henrik Zetterberg in neutral zone.
16:37 of 2nd period - Slapshot by Jake McCabe.
16:37 of 2nd period - Shot Blocked by Jiri Fischer.
16:39 of 2nd period - Slapshot by Jake McCabe.
16:39 of 2nd period - Shot Misses the Net.
17:51 of 2nd period - Snap shot by Philip Samuelsson.
17:51 of 2nd period - Deflect By Alexander Radulov.
17:51 of 2nd period - Stopped by Michal Neuvirth with a rebound.
17:53 of 2nd period - Backhand shot by Philip Samuelsson.
17:53 of 2nd period - Shot Misses the Net.
18:31 of 2nd period - Snap shot by Marcus Johansson.
18:31 of 2nd period - Stopped by Robin Lehner with a rebound.
18:53 of 2nd period - Kyle Okposo is hit by Marco Scandella and loses puck.
19:41 of 2nd period - Wrist shot by Marko Dano.
19:41 of 2nd period - Shot Misses the Net.
19:49 of 2nd period - Penalty Shot by Jordan Martinook for Jets.
19:49 of 2nd period - Deke by Jordan Martinook.
19:49 of 2nd period - Stopped by Robin Lehner.
19:50 of 2nd period - Mike Richards wins face-off versus Corey Perry in Jets zone.
19:55 of 2nd period - Wrist shot by Kris Versteeg.
19:55 of 2nd period - Stopped by Michal Neuvirth without a rebound.
19:56 of 2nd period - Mike Richards wins face-off versus Ryan Johansen in Jets zone.
Goals for this period are 0 for Red Wings vs 1 for Jets.
Shots for this period are 6 for Red Wings vs 11 for Jets.
3rd period
0:01 of 3rd period - Henrik Zetterberg wins face-off versus Ryan Johansen in neutral zone.
0:47 of 3rd period - Snap shot by Ronalds Kenins.
0:47 of 3rd period - Stopped by Robin Lehner without a rebound.
0:48 of 3rd period - Dylan Larkin wins face-off versus Jean-Gabriel Pageau in Red Wings zone.
1:24 of 3rd period - Ole-Kristian Tollefsen is hit by Ryan Johansen.
1:36 of 3rd period - Off-side.
1:37 of 3rd period - Mike Richards wins face-off versus Erik Haula in neutral zone.
1:47 of 3rd period - Snap shot by Marcus Johansson.
1:47 of 3rd period - Stopped by Robin Lehner without a rebound.
1:48 of 3rd period - Mike Richards wins face-off versus Ryan Johansen in Red Wings zone.
1:48 of 3rd period - Max Domi is hit by Ryan Johansen and loses puck.
2:22 of 3rd period - Marcus Johansson is hit by Drew Fata and loses puck.
2:35 of 3rd period - Slapshot by Philip Samuelsson.
2:35 of 3rd period - Deflect By Kyle Okposo.
2:35 of 3rd period - Shot Misses the Net.
2:35 of 3rd period - Puck is out of play.
2:36 of 3rd period - Dylan Larkin wins face-off versus Jean-Gabriel Pageau in Jets zone.
3:05 of 3rd period - Slapshot by Ronalds Kenins.
3:05 of 3rd period - Shot Misses the Net.
3:07 of 3rd period - Slapshot by Michael Matheson.
3:07 of 3rd period - Deflect By Jean-Gabriel Pageau.
3:07 of 3rd period - Shot Misses the Net.
3:07 of 3rd period - Puck is out of play.
3:08 of 3rd period - Henrik Zetterberg wins face-off versus Ryan Johansen in Red Wings zone.
3:08 of 3rd period - Henrik Zetterberg is hit by Ryan Johansen.
3:11 of 3rd period - Minor Penalty to Drew Fata for High sticking.
3:12 of 3rd period - Ryan Johansen wins face-off versus Henrik Zetterberg in Red Wings zone.
3:12 of 3rd period - Snap shot by Nino Niederreiter.
3:12 of 3rd period - Stopped by Robin Lehner without a rebound.
3:13 of 3rd period - Ryan Johansen wins face-off versus Henrik Zetterberg in Red Wings zone.
3:16 of 3rd period - Wrist shot by Adam Henrique.
3:16 of 3rd period - Stopped by Robin Lehner without a rebound.
3:17 of 3rd period - Ryan Johansen wins face-off versus Henrik Zetterberg in Red Wings zone.
3:35 of 3rd period - Off-side.
3:36 of 3rd period - Erik Haula wins face-off versus Henrik Zetterberg in neutral zone.
4:28 of 3rd period - Nikolaj Ehlers is hit by T.J. Hensick and loses puck.
5:11 of 3rd period - Penalty to Drew Fata is over, Drew Fata is back on ice.
5:25 of 3rd period - Snap shot by Alexander Radulov.
5:25 of 3rd period - Shot Misses the Net.
5:27 of 3rd period - Slapshot by Dougie Hamilton.
5:27 of 3rd period - Stopped by Robin Lehner with a rebound.
5:48 of 3rd period - Slapshot by David Rundblad.
5:48 of 3rd period - Stopped by Michal Neuvirth with a rebound.
6:56 of 3rd period - Snap shot by Carson Mcmillan.
6:56 of 3rd period - Shot Blocked by Jean-Gabriel Pageau.
7:20 of 3rd period - Adam Henrique is hit by Tye McGinn.
7:38 of 3rd period - Wrist shot by Jordan Martinook.
7:38 of 3rd period - Shot Misses the Net.
7:40 of 3rd period - Slapshot by Jake McCabe.
7:40 of 3rd period - Stopped by Robin Lehner without a rebound.
7:41 of 3rd period - Mike Richards wins face-off versus Erik Haula in Red Wings zone.
7:56 of 3rd period - Slapshot by Philip Samuelsson.
7:56 of 3rd period - Shot Misses the Net.
7:58 of 3rd period - Snap shot by Kris Versteeg.
7:58 of 3rd period - Stopped by Michal Neuvirth without a rebound.
7:59 of 3rd period - Henrik Zetterberg wins face-off versus Ryan Johansen in Jets zone.
8:20 of 3rd period - Ryan Johansen is hit by Henrik Zetterberg and loses puck.
8:37 of 3rd period - Snap shot by Nino Niederreiter.
8:37 of 3rd period - Deflect By Erik Haula.
8:37 of 3rd period - Shot Misses the Net.
8:37 of 3rd period - Puck is out of play.
8:38 of 3rd period - Mike Richards wins face-off versus Erik Haula in Red Wings zone.
8:40 of 3rd period - Minor Penalty to Mike Richards for Hooking.
8:41 of 3rd period - Ryan Johansen wins face-off versus Henrik Zetterberg in Red Wings zone.
8:55 of 3rd period - Snap shot by Ryan Johansen.
8:55 of 3rd period - Shot Misses the Net.
8:57 of 3rd period - Wrist shot by Adam Henrique.
8:57 of 3rd period - Stopped by Robin Lehner without a rebound.
8:58 of 3rd period - Ryan Johansen wins face-off versus Henrik Zetterberg in Red Wings zone.
9:01 of 3rd period - Snap shot by Adam Henrique.
9:01 of 3rd period - Goal by Adam Henrique - Red Wings : 1 - Jets : 2.
9:02 of 3rd period - Henrik Zetterberg wins face-off versus Ryan Johansen in neutral zone.
9:34 of 3rd period - Wrist shot by Kris Versteeg.
9:34 of 3rd period - Shot Misses the Net.
9:47 of 3rd period - Icing by Marcus Johansson.
9:48 of 3rd period - Dylan Larkin wins face-off versus Erik Haula in Jets zone.
10:06 of 3rd period - Minor Penalty to Drew Fata for Hooking.
10:07 of 3rd period - Ryan Johansen wins face-off versus Carson Mcmillan in Red Wings zone.
10:17 of 3rd period - Wrist shot by Henrik Zetterberg.
10:17 of 3rd period - Stopped by Michal Neuvirth with a rebound.
10:19 of 3rd period - Snap shot by Henrik Zetterberg.
10:19 of 3rd period - Stopped by Michal Neuvirth without a rebound.
10:20 of 3rd period - Henrik Zetterberg wins face-off versus Ryan Johansen in Jets zone.
10:21 of 3rd period - Snap shot by Carson Mcmillan.
10:21 of 3rd period - Goal by Carson Mcmillan - Red Wings : 2 - Jets : 2.
10:22 of 3rd period - Adam Henrique wins face-off versus Henrik Zetterberg in neutral zone.
10:25 of 3rd period - Ryan O'Byrne is hit by Nino Niederreiter and loses puck.
12:06 of 3rd period - Penalty to Drew Fata is over, Drew Fata is back on ice.
12:51 of 3rd period - Connor Brown is hit by Alexander Radulov and loses puck.
13:31 of 3rd period - Snap shot by Carson Mcmillan.
13:31 of 3rd period - Stopped by Michal Neuvirth with a rebound.
13:33 of 3rd period - Wrist shot by T.J. Hensick.
13:33 of 3rd period - Shot Blocked by Marco Scandella.
13:35 of 3rd period - Slapshot by David Rundblad.
13:35 of 3rd period - Shot Misses the Net.
14:45 of 3rd period - Jake McCabe is hit by Ryan O'Byrne and loses puck.
15:00 of 3rd period - Mike Richards is hit by Noel Acciari and loses puck.
15:40 of 3rd period - Kris Versteeg is hit by Marco Scandella and loses puck.
15:53 of 3rd period - Philip Samuelsson is hit by Jake McCabe and loses puck.
16:18 of 3rd period - Snap shot by Philip Samuelsson.
16:18 of 3rd period - Stopped by Michal Neuvirth with a rebound.
16:20 of 3rd period - Snap shot by Michael Haley.
16:20 of 3rd period - Stopped by Michal Neuvirth without a rebound.
16:21 of 3rd period - Ryan Johansen wins face-off versus Dylan Larkin in Jets zone.
16:30 of 3rd period - Slapshot by Ole-Kristian Tollefsen.
16:30 of 3rd period - Shot Misses the Net.
16:46 of 3rd period - Erik Haula is hit by Ole-Kristian Tollefsen and loses puck.
18:15 of 3rd period - Corey Perry is hit by Max Domi and loses puck.
18:36 of 3rd period - Erik Haula is hit by Kris Versteeg and loses puck.
18:47 of 3rd period - Erik Haula is hit by Mike Richards and loses puck.
18:58 of 3rd period - Snap shot by Max Domi.
18:58 of 3rd period - Deflect By Mike Richards.
18:58 of 3rd period - Goal by Mike Richards - Red Wings : 3 - Jets : 2.
18:59 of 3rd period - Ryan Johansen wins face-off versus T.J. Hensick in neutral zone.
19:02 of 3rd period - Jets, Michal Neuvirth is pulled from the net.
19:12 of 3rd period - Slapshot by Adam Henrique.
19:12 of 3rd period - Shot Misses the Net.
19:14 of 3rd period - Snap shot by Adam Henrique.
19:14 of 3rd period - Shot Misses the Net.
19:16 of 3rd period - Wrist shot by Ryan Johansen.
19:16 of 3rd period - Stopped by Robin Lehner with a rebound.
19:18 of 3rd period - Wrist shot by Nino Niederreiter.
19:18 of 3rd period - Shot Misses the Net.
19:20 of 3rd period - Wrist shot by Jake McCabe.
19:20 of 3rd period - Shot Blocked by T.J. Hensick.
19:30 of 3rd period - Slapshot by Ryan Johansen.
19:30 of 3rd period - Shot Blocked by Michael Haley.
19:32 of 3rd period - Slapshot by Ryan Johansen.
19:32 of 3rd period - Shot Misses the Net.
19:34 of 3rd period - Wrist shot by Jake McCabe.
19:34 of 3rd period - Stopped by Robin Lehner without a rebound.
19:35 of 3rd period - Ted Nolan call a timeout for Jets.
19:35 of 3rd period - T.J. Hensick wins face-off versus Ryan Johansen in Red Wings zone.
19:44 of 3rd period - Backhand shot by Ryan Johansen.
19:44 of 3rd period - Stopped by Robin Lehner with a rebound.
19:46 of 3rd period - Snap shot by Nino Niederreiter.
19:46 of 3rd period - Stopped by Robin Lehner without a rebound.
19:47 of 3rd period - T.J. Hensick wins face-off versus Ryan Johansen in Red Wings zone.
Goals for this period are 2 for Red Wings vs 1 for Jets.
Shots for this period are 9 for Red Wings vs 12 for Jets.
Output by the SimonT Hockey Simulator (STHS) for Francois Prevost